 Dungeon Crawl Stone Soup version 0.30-b1-2-g02819fbbbe (webtiles) character file.

Game seed: 13037599255513203950

18 Alarkh the Trooper (level 2, 24/24 HPs)
             Began as a Demonspawn Chaos Knight on May 21, 2023.
             Was a Plaything of Xom.
             Got out of the dungeon alive.
             The game lasted 00:00:28 (271 turns).

Alarkh the Trooper (Demonspawn Chaos Knight)         Turns: 271, Time: 00:00:29

Health: 24/24      AC:  5    Str: 12    XL:     2   Next: 48%
Magic:  2/2        EV: 11    Int: 13    God:    Xom [..*...]
Gold:   51         SH:  0    Dex: 12    Spells: 1/1 levels left

rFire   . . .        a - +0 falchion (chaos)
rCold   . . .        (no shield)
rNeg    . . .        b - +2 leather armour
rPois   .            (no helmet)
rElec   .            d - scarf {repulsion}
rCorr   .            (no gloves)
SInv    .            (no boots)
Will    .....        (no amulet)
Stlth   +            (no ring)
HPRegen 0.24/turn    (no ring)
MPRegen 0.08/turn

%: repel missiles
@: no status effects
A: demonic magic 1
a: Renounce Religion


You escaped.
You worshipped Xom.
You were a toy of Xom.
You visited 1 branch of the dungeon, and saw 1 of its levels.

You collected 51 gold pieces.

Inventory:

Hand Weapons
 a - a +0 falchion of chaos (weapon)
Armour
 b - a +2 leather armour (worn)
 d - a scarf of repulsion (worn)
Scrolls
 e - a scroll of identify {unknown}
 f - 2 scrolls of magic mapping {unknown}
 h - a scroll of immolation {unknown}
 i - a scroll of teleportation {unknown}
Potions
 g - a potion of cancellation {unknown}
Miscellaneous
 c - a piece from Xom's chessboard (15/15) (quivered)


   Skills:
 + Level 3.2 Fighting
 * Level 3.1 Long Blades
 - Level 1.7 Armour
 + Level 1.3 Dodging


You had one spell level left.
You didn't know any spells.
Your spell library contained the following spells:

 Spells                   Type           Power      Damage    Failure   Level
 Cigotuvi's Dreadful Rot  Necr/Pois/Air  0%         N/A       52%         2
 Ignite Poison            Fire/Tmut/Pois 0%         N/A       75%         3
 Freezing Cloud           Conj/Ice/Air   0%         6-21      100%        5


Dungeon Overview and Level Annotations

Branches:
Dungeon (1/15)

Altars:


Innate Abilities, Weirdness & Mutations

Spells you cast may paralyse adjacent enemies.


Message History

Lightning courses through the frilled lizard!
You kill the frilled lizard!
You closely miss the goblin. The goblin hits you with a +0 club.
You barely miss the goblin. The goblin barely misses you.
You slash the goblin!
You kill the goblin!
No target in view!
No target in view!
No target in view!
No target in view!
No target in view!
No target in view!
No target in view!
Things that are here:
a +0 club; a frilled lizard corpse; a bat corpse
f - 2 scrolls labelled MAVIRCH SEKEIHA (gained 1)
You now have 51 gold pieces (gained 13).
You pick up a Trismegistus Codex and begin reading...
You add the spells Cigotuvi's Dreadful Rot, Ignite Poison and Freezing Cloud to your library.
A giant cockroach comes into view.
Found 15 gold pieces.
You can't go up here!
Found an escape hatch in the floor.
The giant cockroach closely misses you.
You closely miss the giant cockroach.
The giant cockroach bites you but does no damage.
You hit the giant cockroach.
The giant cockroach is poisoned.
The giant cockroach is almost dead.
You kill the giant cockroach!
No target in view!
No target in view!
No target in view!
No target in view!
No target in view!
No target in view!
(D) Dungeon
Where to? (Enter - D:1 @ (x,y), ? - help)
There is a staircase leading out of the dungeon here.
Are you sure you want to leave the Dungeon?
This will make you lose the game!
You have escaped!

...........?.....###.).
.............#.........
.#.......#...#.........
##.....###..###.......
.#.......#...# ##...#..
.............# #......
....>#.......## #......
....###........ #......
.....#@......#. ....#..
..............# ....##.
...#.......#...#
..###.....###..# .#
...#.......#...# .####
..............####.....
..#....................
..###...................
..###.......†...........#


There were no monsters in sight!

Vanquished Creatures
  A dart slug (D:1)
  A ball python (D:1)
  An endoplasm (D:1)
  A giant cockroach (D:1)
  2 goblins (D:1)
  A jackal (D:1)
  A quokka (D:1)
  3 bats (D:1)
  2 frilled lizards (D:1)
  2 rats (D:1)
15 creatures vanquished.

Notes
Turn   | Place    | Note
-------+----------+-------------------------------------------
     0 | D:1      | Alarkh the Demonspawn Chaos Knight began the quest for the
                  | Orb.
     0 | D:1      | Reached XP level 1. HP: 18/18 MP: 1/1
    14 | D:1      | Reached skill level 1 in Dodging
    83 | D:1      | Found a faded altar of an unknown god.
   179 | D:1      | XOM: silly message
   200 | D:1      | Gained mutation: Spells you cast may paralyse adjacent
                  | enemies. [demonic ancestry]
   200 | D:1      | Reached XP level 2. HP: 24/24 MP: 2/2
   271 | D:$      | Got out of the dungeon alive.

Illustrated notes

Levels and vault maps discovered:
D:1:      minmay_arrival_five_plusses, layout_basic,
          shapermc_ecumenical_altar_venn, minmay_tetromino_l4

Skill      XL: |  1 |
---------------+----+-----
Dodging        | 1 |  1.3
Long Blades    | 3 |  3.1
Fighting       | |  3.2
Armour         | |  1.7

Action                     || total
---------------------------++-------
  Melee: Falchion          ||    38
 Armour: Leather armour    ||    15
  Dodge: Dodged            ||    21
         Repelled          ||     1
